 Dungeon Crawl Stone Soup version 0.25.0-26-g0c896c7088 (webtiles) character file.

Game seed: 10503268631863464581

127084 mortelune the Warrior (level 17, -2/144 HPs)
             Began as a Formicid Abyssal Knight on July 4, 2020.
             Was a High Priest of Lugonu.
             Slain by an eight-headed hydra (9 damage)
             ... called by a spriggan druid
             ... on level 4 of the Swamp.
             The game lasted 01:23:07 (41021 turns).

mortelune the Warrior (Formicid Abyssal Knight)    Turns: 41021, Time: 01:23:07

Health: -2/144     AC: 24    Str: 22    XL:     17   Next: 55%
Magic:  17/25      EV:  9    Int: 14    God:    Lugonu [*****.]
Gold:   581        SH:  7    Dex: 10    Spells: 16/16 levels left

rFire    . . .     SeeInvis +   a - +12 glaive of Prune {vorpal}
rCold    + . .     Gourm    .   T - +3 warlock's mirror {reflect}
rNeg     + . .     Faith    .   I - +2 plate armour {rC+}
rPois    .         Spirit   .   (helmet unavailable)
rElec    .         Reflect  +   z - scarf {repulsion}
rCorr    +         Harm     .   u - +1 pair of gloves of the Comet {*Contam MR+ rCorr SInv}
MR       ++...                  g - +1 pair of boots
Stlth    ..........             R - amulet of regeneration
HPRegen  0.74/turn              y - ring of positive energy
MPRegen  0.19/turn              C - ring of resist corrosion

@: studying Bows, repel missiles
A: permanent stasis, dig shafts and tunnels, four strong arms, antennae 3
a: Dig, Shaft Self, Depart the Abyss, Bend Space, Banish, Corrupt, Enter the
Abyss, Renounce Religion


You were on level 4 of the Swamp.
You worshipped Lugonu.
Lugonu was extremely pleased with you.
You were not hungry.

You visited 4 branches of the dungeon, and saw 27 of its levels.
You visited the Abyss 1 time.
You also visited: Sewer.

You collected 2993 gold pieces.
You spent 2412 gold pieces at shops.

Inventory:

Hand Weapons
 a - the +12 glaive of Prune (weapon) {vorpal}
   (You found it on level 4 of the Dungeon)

   It inflicts extra damage upon your enemies.
 b - a +1 longbow of flaming
 U - a +1 vampiric broad axe
Missiles
 s - 15 javelins (quivered)
 x - 15 atropa-tipped darts
 Q - 322 arrows
Armour
 g - a +1 pair of boots (worn)
 n - a scarf of invisibility
 o - a +1 cloak
 u - the +1 pair of gloves of the Comet (worn) {*Contam MR+ rCorr SInv}
   (You found it on level 15 of the Dungeon)

   It affects your resistance to hostile enchantments.
   It lets you see invisible.
   It causes magical contamination when unequipped.
   It provides partial protection from all sources of acid and corrosion.
 z - a scarf of repulsion (worn)
 I - a +2 plate armour of cold resistance (worn)
 T - the +3 warlock's mirror (worn) {reflect}
   (You bought it in a shop on level 4 of the Dungeon)
 Z - a scarf of resistance
Jewellery
 i - an uncursed amulet of the acrobat {unknown}
 k - an uncursed ring of fire
 y - a ring of positive energy (left hand)
 C - a ring of resist corrosion (right hand)
 G - an uncursed ring of ice
 R - an amulet of regeneration (around neck)
 W - an uncursed ring of wizardry
Wands
 l - a wand of paralysis (16)
 B - a wand of acid (1)
 D - a wand of digging (22)
 E - a wand of flame (34)
 K - a wand of iceblast (33)
 O - a wand of enslavement (10)
Scrolls
 d - 7 scrolls of amnesia
 e - 5 scrolls of fear
 f - 4 scrolls of fog
 m - 12 scrolls of remove curse
 t - 5 scrolls of enchant weapon
 v - 2 scrolls of magic mapping
 H - 5 scrolls of immolation
 J - 2 scrolls of noise
 N - a scroll of summoning
 P - 6 scrolls of enchant armour
Potions
 h - 12 potions of curing
 j - 10 potions of heal wounds
 q - 3 potions of brilliance
 r - 3 potions of flight
 w - 5 potions of magic
 A - 5 potions of might
 F - 4 potions of stabbing
 L - a potion of haste
 S - 3 potions of ambrosia
 V - a potion of resistance
 X - 2 potions of mutation
 Y - 3 potions of cancellation
Books
 M - a manual of Bows
Comestibles
 c - 49 rations


   Skills:
 + Level 15.8 Fighting
 - Level 7.5(12.4) Axes
 + Level 15.3(15.9) Polearms
 - Level 9.9 Bows
 + Level 15.6 Armour
 * Level 3.9 Dodging
 - Level 4.0 Shields
 - Level 11.3 Invocations


You had 16 spell levels left.
You didn't know any spells.
Your spell library contained the following spells:

 Spells                   Type           Power        Failure   Level  Hunger
 Animate Skeleton         Necr           N/A          95%         1    ##.....
 Beastly Appendage        Tmut           #.....       95%         1    ##.....
 Corona                   Hex            #......      95%         1    ##.....
 Foxfire                  Conj/Fire      #...         95%         1    ##.....
 Magic Dart               Conj           #...         95%         1    ##.....
 Pain                     Necr           #...         95%         1    ##.....
 Summon Small Mammal      Summ           #...         95%         1    ##.....
 Call Imp                 Summ           #.......     98%         2    ###....
 Ensorcelled Hibernation  Hex/Ice        #.....       98%         2    ###....
 Passwall                 Tmut/Erth      #.......     98%         2    ###....
 Poisonous Vapours        Pois/Air       #.....       98%         2    ###....
 Searing Ray              Conj           #.....       98%         2    ###....
 Sticks to Snakes         Tmut           #.......     98%         2    ###....
 Call Canine Familiar     Summ           #.......     100%        3    ####...
 Confusing Touch          Hex            #.......     100%        3    ####...
 Conjure Flame            Conj/Fire      #.......     100%        3    ####...
 Dazzling Flash           Conj/Hex       #.....       100%        3    ####...
 Gell's Gravitas          Tloc           #.........   100%        3    ####...
 Inner Flame              Hex/Fire       #.......     100%        3    ####...
 Mephitic Cloud           Conj/Pois/Air  #.......     100%        3    ####...
 Spider Form              Tmut/Pois      #.........   100%        3    ####...
 Summon Guardian Golem    Hex/Summ       #.......     100%        3    ####...
 Tukima's Dance           Hex            #.......     100%        3    ####...
 Vampiric Draining        Necr           #.........   100%        3    ####...
 Animate Dead             Necr           N/A          100%        4    #####..
 Fulminant Prism          Conj/Hex       #.........   100%        4    #####..
 Ice Form                 Ice/Tmut       #.......     100%        4    #####..
 Iskenderun's Mystic Bla  Conj/Tloc      #.......     100%        4    #####..
 Petrify                  Tmut/Erth      #.......     100%        4    #####..
 Sticky Flame             Conj/Fire      #.......     100%        4    #####..
 Summon Ice Beast         Ice/Summ       #.......     100%        4    #####..
 Summon Lightning Spire   Summ/Air       #.......     100%        4    #####..
 Agony                    Necr           #.......     100%        5    ######.
 Blade Hands              Tmut           #.........   100%        5    ######.
 Borgnjor's Vile Clutch   Necr/Erth      #.........   100%        5    ######.
 Fireball                 Conj/Fire      #.........   100%        5    ######.
 Metabolic Englaciation   Hex/Ice        #.........   100%        5    ######.
 Yara's Violent Unravell  Hex/Tmut       #.........   100%        5    ######.
 Freezing Cloud           Conj/Ice/Air   #.........   100%        6    #######
 Starburst                Conj/Fire      #.........   100%        6    #######
 Ring of Flames           Chrm/Fire      #.........   100%        7    #######


Dungeon Overview and Level Annotations

Branches:
Dungeon (15/15)            Temple (0/1) D:5            Lair (6/6) D:8
  Swamp (4/4) Lair:4        Snake (0/4) Lair:2        Slime (0/5) Lair:6
    Orc (2/2) D:10            Elf (0/3) Orc:2        Vaults (0/5) D:14
 Depths (0/5) D:15          Sewer (visited)

Altars:
Dithmenos
Gozag
Kikubaaqudgha
Makhleb
Okawaru
Qazlal
Sif Muna
Trog
Uskayaw
Vehumet
Yredelemnul
The Shining One
Jiyva

Shops:
D:4 [   D:14 *   Orc:2 %:(%!

Portals:
Trove: D:14 (give 15 potions of curing)

Annotations:
D:2 truc bizare
D:14 corrupted
Lair:3 1 runed translucent door, Zigh's ghost, journeyman TrHu
Lair:4 1 runed translucent door, Tunlugh's ghost, adept GrEE
Swamp:2 corrupted


Innate Abilities, Weirdness & Mutations

You cannot be hasted, slowed, berserked, paralysed or teleported.
You can dig through walls and to a lower floor.
Your four strong arms can wield two-handed weapons with a shield.
You have a pair of large antennae on your head. (SInv)


Message History

The eight-headed hydra bites you.
* * * LOW HITPOINT WARNING * * *
The eight-headed hydra bites you but does no damage.
The eight-headed hydra bites you.
* * * LOW HITPOINT WARNING * * *
Press: ? - help, Shift-Dir - straight line, f/p - eight-headed hydra
Aim: an eight-headed hydra (noxious fumes, moderately wounded, strong, chance to defeat MR: 59%)
The eight-headed hydra resists with significant effort.
You feel somewhat more hungry.
Lugonu is no longer ready to corrupt your weapon.
You are engulfed in noxious fumes.
The swamp drake misses you.
The eight-headed hydra bites you but does no damage.
The eight-headed hydra misses you.
You block the eight-headed hydra's attack.
The eight-headed hydra barely misses you.
The eight-headed hydra bites you but does no damage.
The eight-headed hydra bites you.
* * * LOW HITPOINT WARNING * * *
The eight-headed hydra bites you!
You die...

♣≈♣♣ ≈≈≈♣♣ ≈≈≈≈ ♣♣♣♣≈≈♣
♣♣ ♣♣≈≈♣≈♣ ♣
♣≈♣♣♣♣♣♣♣.≈≈≈♣ ≈♣
♣.....♣.≈≈≈.♣♣ ♣♣≈♣♣♣
♣..≈≈§≈.≈°°k†♣♣♣.≈≈.≈♣
♣.≈≈≈≈)..°@D♣°○○≈≈≈≈..
♣♣♣.≈≈≈≈≈≈≈.°°♣♣○○○≈≈≈≈≈
...≈≈≈≈.<≈≈§♣♣♣♣♣○♣≈....
≈≈..≈≈≈.♣≈.♣♣ k♣ .)♣≈
≈≈§≈≈≈≈..♣♣♣ .. ≈≈≈
≈≈≈≈≈≈≈≈.°♣ ≈.. <.
≈≈≈≈≈≈≈...♣ ..♣♣ ♣
≈.≈≈≈≈≈≈≈≈.. ..♣
♣.≈.≈≈≈..≈≈≈≈ ≈≈♣


You could see an eight-headed hydra (strong) and a swamp drake (strong).

Vanquished Creatures
  Jorgrun (Swamp:1)
  2 thorn hunters
  Gastronok (Orc:1)
  A tengu reaver (D:15)
  Kirke (Lair:4)
  An orc warlord (D:10)
  Nessos (Lair:6)
  An ettin (D:15)
  Josephine (Lair:4)
  Snorg (D:13)
  4 vault guards (D:14)
  Erica (D:11)
  2 centaur warriors
  8 hydras
  4 shambling mangroves
  An anaconda (Lair:6)
  2 ghost crabs
  7 alligators
  An ogre mage (D:13)
  4 death yaks
  An orc high priest (Orc:2)
  Urug (Lair:6)
  6 two-headed ogres
  A tengu warrior (D:15)
  A spriggan (Swamp:4)
  A deep elf knight (D:15)
  A spriggan druid (Swamp:4)
  A deep troll (D:15)
  4 unseen horrors
  2 swamp dragons (Swamp:2)
  Pikel (D:5)
  A phantasmal warrior (D:14)
  A wizard (D:14)
  An orc knight (Orc:1)
  2 deep elf magi
  An orc sorcerer (D:10)
  7 ugly things
  3 manticores (D:15)
  A shining eye (shapeshifter) (D:15)
  3 cyclopes
  6 elephants (Lair:3)
  5 black mambas
  A guardian serpent (shapeshifter) (D:14)
  Joseph (D:7)
  11 spiny frogs
  Maggie (Lair:2)
  3 gargoyles
  A torpor snail (Lair:6)
  5 komodo dragons
  7 rime drakes
  A kobold demonologist (D:11)
  A tengu conjurer (D:15)
  A queen bee (Lair:2)
  A redback zombie (D:14)
  8 hornets
  8 trolls
  6 tyrant leeches
  10 polar bears
  A wolf spider simulacrum (D:15)
  16 slime creatures
  3 bog bodies
  6 dream sheep (Lair:5)
  11 blink frogs
  10 hippogriffs
  6 wyverns
  8 humans
  9 basilisks
  A spriggan (shapeshifter) (D:14)
  4 shadows
  A water elemental (D:15)
  3 wraiths (Lair:4)
  24 yaks
  6 hogs
  Menkaure (D:7)
  12 vampire mosquitoes
  10 wargs
  12 insubstantial wisps (Swamp:1)
  2 steam dragons
  15 swamp worms
  3 nagas (Lair:2)
  A soldier ant (D:11)
  9 water moccasins
  Duvessa (D:4)
  6 porcupines
  5 sky beasts
  17 hell hounds (Lair:6)
  An eye of draining (D:14)
  3 ice beasts
  32 orc warriors
  6 swamp drakes
  A hornet zombie (D:6)
  15 black bears
  3 phantoms
  19 wolves
  20 centaurs
  16 ogres
  16 crocodiles
  4 big kobolds
  17 bullfrogs
  Dowan (D:4)
  A wyvern skeleton (D:12)
  3 scorpions
  33 killer bees
  9 wights
  8 howler monkeys
  7 crimson imps
  3 bullfrog zombies
  3 centaur zombies
  A quasit (D:13)
  4 jellies
  3 centaur skeletons
  25 orc wizards
  2 bullfrog skeletons
  3 gnoll shamans (D:3)
  12 hounds
  23 orc priests
  7 iguanas
  6 hell rats (Lair:6)
  11 worker ants
  2 killer bee zombies
  A hound skeleton (D:7)
  2 worker ant zombies (D:8)
  A howler monkey skeleton (D:11)
  25 adders
  50 gnolls
  8 river rats
  3 shadow imps
  An adder zombie (D:7)
  2 adder skeletons
  2 worms
  2 dart slugs
  10 leopard geckos
  76 orcs
  8 bats
  4 giant cockroaches
  4 goblins
  7 hobgoblins
  29 jackals
  8 quokkas
  11 ball pythons (Sewer)
  3 frilled lizards
  2 goblin skeletons (D:4)
  A goblin zombie (D:4)
  4 hobgoblin zombies (D:4)
  A jackal zombie (D:8)
  18 kobolds
  A leopard gecko zombie (D:5)
  An orc skeleton (D:4)
  25 rats
  3 fungi
  16 plants (D:7)
1014 creatures vanquished.

Vanquished Creatures (others)
  A vault guard (D:14)
  A ghost crab (Swamp:1)
  4 hydras
  A death knight (D:14)
  An alligator (Swamp:3)
  3 ugly things (D:14)
  2 blink frogs (Swamp:3)
  A tyrant leech (Swamp:1)
  3 wraiths (D:14)
  2 vampire mosquitoes (Swamp:2)
  4 humans (Lair:4)
  6 insubstantial wisps (Swamp:1)
  3 swamp worms (Swamp:2)
  A water moccasin (Lair:4)
  4 orc warriors
  A slave (D:5)
  An ogre (D:6)
  A wyvern zombie (D:14)
  2 orcs (Orc:2)
  A kobold (D:13)
  17 fungi
  11 plants
  9 starspawn tentacles (Swamp:2)
  4 toadstools (Swamp:2)
  A withered plant (D:8)
85 creatures vanquished.

Grand Total: 1099 creatures vanquished

Notes
Turn   | Place    | Note
-------+----------+-------------------------------------------
     0 | Abyss:1  | mortelune the Formicid Abyssal Knight began the quest for
                  | the Orb.
     0 | Abyss:1  | Reached XP level 1. HP: 18/18 MP: 2/2
    47 | Abyss:1  | Noticed a small abomination
    50 | D:1      | Escaped the Abyss
   440 | D:1      | Reached skill level 1 in Dodging
   633 | D:1      | Noticed a komodo dragon
   633 | D:1      | Noticed a swamp drake
   634 | D:1      | Noticed an anaconda
   895 | D:1      | Reached XP level 2. HP: 22/24 MP: 3/3
  1272 | D:1      | Reached * piety under Lugonu
  1304 | D:1      | Reached XP level 3. HP: 29/29 MP: 4/4
  2301 | D:2      | Reached XP level 4. HP: 24/37 MP: 5/5
  2742 | D:2      | Noticed a +0 hand axe
  2742 | D:2      | Noticed a +0 hand axe
  2745 | D:2      | Found a hide-covered altar of Uskayaw.
  2844 | D:2      | Noticed a phantom
  3005 | D:2      | Found a stormy altar of Qazlal.
  3529 | D:2      | Reached XP level 5. HP: 23/43 MP: 6/6
  3897 | D:3      | Reached ** piety under Lugonu
  4468 | D:3      | Reached XP level 6. HP: 45/49 MP: 7/7
  4580 | D:3      | Noticed a sky beast
  4602 | D:3      | Killed a sky beast
  4602 | D:3      | Reached skill level 5 in Fighting
  4876 | D:2      | Found a burning altar of Makhleb.
  5520 | D:3      | Reached XP level 7. HP: 56/56 MP: 8/8
  5659 | D:3      | Reached skill level 5 in Armour
  6448 | D:3      | Reached *** piety under Lugonu
  6505 | D:3      | Reached skill level 5 in Axes
  6505 | D:3      | Reached XP level 8. HP: 58/64 MP: 10/10
  7164 | D:3      | You fall into a shaft and drop 3 floors!
  7207 | D:5      | Entered Level 5 of the Dungeon
  7334 | D:6      | Found a glowing drain.
  7338 | Sewer    | Entered a sewer
  7494 | Sewer    | Reached **** piety under Lugonu
  8110 | Sewer    | Reached ***** piety under Lugonu
  8296 | D:6      | Reached XP level 9. HP: 59/72 MP: 12/12
  8313 | D:6      | Reached skill level 5 in Invocations
  8877 | D:6      | Found an iron altar of Okawaru.
  9515 | D:5      | Found a staircase to the Ecumenical Temple.
  9698 | D:5      | Found a burning altar of Makhleb.
  9746 | D:5      | Noticed Pikel
  9773 | D:5      | Killed Pikel
  9782 | D:5      | Reached XP level 10. HP: 63/80 MP: 13/15
  9823 | D:5      | Found a bloodstained altar of Trog.
  9866 | D:5      | Found a shadowy altar of Dithmenos.
 10330 | D:4      | Found an opulent altar of Gozag.
 10513 | D:4      | Found the +12 glaive of Prune {vorpal}
 10514 | D:4      | Noticed Duvessa
 10532 | D:4      | Noticed Dowan
 10547 | D:4      | Killed Duvessa
 10568 | D:4      | Killed Dowan
 10658 | D:4      | Found a glowing golden altar of the Shining One.
 10841 | D:4      | Found Ewki's Antique Armour Shoppe.
 10862 | D:4      | Bought a pair of glowing gloves for 172 gold pieces
 10890 | D:4      | Reached skill level 1 in Polearms
 11552 | D:7      | Noticed Menkaure
 11555 | D:7      | Killed Menkaure
 11632 | D:7      | Noticed Joseph
 11646 | D:7      | Killed Joseph
 12211 | D:7      | Identified the Almanac of Scorching Earth
 12407 | D:8      | Reached XP level 11. HP: 88/89 MP: 17/17
 12619 | D:8      | Reached skill level 5 in Polearms
 12696 | D:8      | Found a staircase to the Lair.
 12775 | D:8      | Found a shimmering blue altar of Sif Muna.
 12933 | D:8      | Found an ancient bone altar of Kikubaaqudgha.
 13282 | D:9      | Noticed a two-headed ogre
 13288 | D:9      | Killed a two-headed ogre
 13500 | D:9      | Found a radiant altar of Vehumet.
 13827 | D:9      | Reached skill level 10 in Fighting
 13851 | D:9      | Reached ****** piety under Lugonu
 14263 | D:10     | Entered Level 10 of the Dungeon
 14705 | D:10     | Found a staircase to the Orcish Mines.
 15024 | D:10     | Noticed a six-headed hydra
 15025 | D:10     | Banished a six-headed hydra
 15199 | D:11     | Noticed Erica
 15207 | D:11     | Killed Erica
 15207 | D:11     | Reached skill level 10 in Armour
 15207 | D:11     | Reached XP level 12. HP: 76/98 MP: 19/19
 15488 | D:11     | Reached skill level 10 in Invocations
 15635 | D:11     | Noticed an unseen horror
 15641 | D:11     | Killed an unseen horror
 15654 | D:11     | Noticed an unseen horror
 15657 | D:11     | Killed an unseen horror
 15869 | Lair:1   | Entered Level 1 of the Lair of Beasts
 17054 | Lair:2   | Noticed a four-headed hydra
 17070 | Lair:2   | Killed a four-headed hydra
 17209 | Lair:2   | Noticed a five-headed hydra
 17294 | Lair:2   | Found a staircase to the Snake Pit.
 17783 | Lair:2   | Banished a five-headed hydra
 18153 | Lair:2   | Noticed Maggie
 18165 | Lair:2   | Killed Maggie
 18175 | Lair:2   | Reached XP level 13. HP: 105/106 MP: 21/21
 18513 | Lair:3   | Reached skill level 10 in Polearms
 18640 | Lair:2   | Identified a scroll of acquirement
 18730 | Lair:3   | Noticed a five-headed hydra
 18731 | Lair:3   | Banished a five-headed hydra
 19757 | Lair:3   | Found a runed translucent door.
 19760 | Lair:3   | Noticed Zigh's ghost (journeyman TrHu)
 20043 | Lair:4   | Noticed Josephine
 20049 | Lair:4   | Killed Josephine
 20121 | Lair:4   | Noticed Kirke
 20151 | Lair:4   | Killed Kirke
 20261 | Lair:4   | Found a staircase to the Swamp.
 20269 | Lair:4   | Noticed Tunlugh's ghost (adept GrEE)
 20273 | Lair:4   | Found a runed translucent door.
 20445 | Lair:4   | Noticed a six-headed hydra
 20454 | Lair:4   | Banished a six-headed hydra
 21847 | Lair:5   | Reached XP level 14. HP: 115/116 MP: 22/22
 23257 | D:4      | Bought the +3 warlock's mirror {reflect} for 920 gold
                  | pieces
 23257 | D:4      | Found the +3 warlock's mirror {reflect}
 23581 | Lair:5   | Reached skill level 1 in Shields
 23645 | Lair:6   | Entered Level 6 of the Lair of Beasts
 24369 | Lair:6   | Found a viscous altar of Jiyva.
 24369 | Lair:6   | Found a staircase to the Slime Pits.
 24484 | Lair:6   | Noticed Urug
 24490 | Lair:6   | Killed Urug
 24703 | Lair:6   | Noticed Nessos
 24712 | Lair:6   | Killed Nessos
 25380 | Lair:6   | Reached skill level 1 in Bows
 25746 | Lair:6   | Reached XP level 15. HP: 104/124 MP: 23/23
 28288 | D:13     | Noticed Snorg
 28302 | D:13     | Killed Snorg
 28412 | D:13     | Reached skill level 5 in Bows
 28632 | D:13     | Found a basalt altar of Yredelemnul.
 29630 | D:14     | Found Plog's Assorted Antiques.
 29655 | D:14     | Bought a scroll of immolation for 115 gold pieces
 29655 | D:14     | Bought a potion of curing for 99 gold pieces
 29655 | D:14     | Bought a scroll of identify for 66 gold pieces
 29694 | D:14     | Found a gate to the Vaults.
 30408 | D:14     | Reached XP level 16. HP: 120/134 MP: 24/24
 30456 | D:14     | Found a portal to a secret trove of treasure.
 30576 | D:14     | Corrupted D:14
 30590 | D:14     | Noticed an Executioner
 31072 | Orc:1    | Entered Level 1 of the Orcish Mines
 31661 | Orc:1    | You fall into a shaft and drop 1 floor!
 31661 | Orc:2    | Entered Level 2 of the Orcish Mines
 33440 | Orc:2    | Found a staircase to the Elven Halls.
 33440 | Orc:2    | Found Puusaujodgh's Distillery.
 33449 | Orc:2    | Bought a potion of heal wounds for 85 gold pieces
 33449 | Orc:2    | Bought a potion of might for 68 gold pieces
 33449 | Orc:2    | Bought a potion of flight for 51 gold pieces
 33449 | Orc:2    | Bought a potion of curing for 51 gold pieces
 33449 | Orc:2    | Bought a potion of cancellation for 136 gold pieces
 33449 | Orc:2    | Bought a potion of curing for 51 gold pieces
 33637 | Orc:2    | Found Waw Diuzeb's Book Shoppe.
 33637 | Orc:2    | Found Velaqur's Weapon Boutique.
 33639 | Orc:2    | Found Tacw's Food Shop.
 33641 | Orc:2    | Found Riereih's Food Emporium.
 33729 | Orc:1    | Noticed Gastronok
 33741 | Orc:1    | Killed Gastronok
 34315 | D:15     | Entered Level 15 of the Dungeon
 34386 | D:15     | Got a pair of smouldering gloves
 34399 | D:15     | Identified the +1 pair of gloves of the Comet {*Contam MR+
                  | rCorr SInv} (You found it on level 15 of the Dungeon)
 34412 | D:15     | Found a large runed translucent door.
 34412 | D:15     | Found a large runed translucent door.
 34971 | D:15     | Reached skill level 15 in Fighting
 35020 | D:15     | Found a staircase to the Depths.
 35386 | D:15     | Found a burning altar of Makhleb.
 35516 | D:15     | Found an opulent altar of Gozag.
 35516 | D:15     | Noticed a tengu reaver
 35519 | D:15     | Killed a tengu reaver
 35788 | D:4      | Bought a runed plate armour for 598 gold pieces
 35983 | Swamp:1  | Entered Level 1 of the Swamp
 36238 | Swamp:1  | Reached skill level 15 in Armour
 36718 | Swamp:1  | Noticed Jorgrun
 36728 | Swamp:1  | Killed Jorgrun
 36988 | Swamp:1  | Reached skill level 15 in Polearms
 37196 | Swamp:1  | Reached XP level 17. HP: 126/142 MP: 25/25
 37445 | Swamp:2  | Noticed a thorn hunter
 37467 | Swamp:1  | Killed a thorn hunter
 38476 | Swamp:2  | Corrupted Swamp:2
 38476 | Swamp:2  | Noticed a tentacled starspawn
 38476 | Swamp:2  | Noticed a tentacled starspawn
 38476 | Swamp:2  | Noticed a tentacled starspawn
 38476 | Swamp:2  | Noticed a tentacled starspawn
 38478 | Swamp:2  | Noticed a tentacled starspawn
 39863 | Swamp:3  | Found a shadowy altar of Dithmenos.
 40462 | Swamp:4  | Entered Level 4 of the Swamp
 40479 | Swamp:4  | Noticed a thorn hunter
 40767 | Swamp:3  | Killed a thorn hunter
 41021 | Swamp:4  | HP: 7/144 [eight-headed hydra[a spriggan druid] (6)]
 41021 | Swamp:4  | Slain by an eight-headed hydra

Illustrated notes

Levels and vault maps discovered:
D:1:      onia_arrival_zoo_common, layout_basic
D:2:      lemuel_upstairs_altar, layout_loops_ring, marbit_many_paths,
          dancing_weapons_uskayaw, minivault_25, chequers_mini_garden,
          minmay_pentomino_q4
D:3:      lemuel_castle_with_subvaults [lemuel_castle_interior_original],
          layout_basic, kennysheep_boxes
D:4:      layout_basic, nicolae_tso_besieged_by_evil, grunt_gozag_statues,
          serial_shops, shop_statue, first_ration, minmay_misc_feat_alley,
          uniq_duvessa
D:5:      layout_basic, nicolae_overflow_crystal_walls, lemuel_doored_altar,
          minmay_temple_entry_proselytizer, nicolae_dithmenos_the_darkroom,
          uniq_pikel
D:6:      layout_loops_ring, kennysheep_okawaru_gauntlet, gup_sewer_entry_bowl
D:7:      layout_rooms, grunt_livestock, wad_woods_river_04, uniq_joseph,
          uniq_menkaure
D:8:      layout_basic, lemuel_blue_sif_altar, kiku_gazebo_garden_becter,
          grunt_lair_entry_orc_guard_hut, hangedman_minor_gate_pass
D:9:      layout_layer_cave, vehumet_crystals, grunt_decor_one_mirror
D:10:     layout_roguey, david_orc_3, corexii_leaking_fountain
D:11:     layout_rooms, uniq_erica
D:12:     layout_basic, drop_trap, minmay_orc_keep
D:13:     layout_basic, basic_altar, minmay_unpleasant_kobolds, uniq_snorg
D:14:     layout_roguey, ximxim_vaults_locker_room, minmay_strange_pillars,
          serial_shops, nicolae_shop_overgrown_old_shop,
          nicolae_trove_entry_crystal
D:15:     hangedman_depths_entry_civil_slaughter, layout_basic,
          jmf_multi_god_temple2
Lair:1:   wander_river, layout_layer_cave, chequers_serial_rivers_micro_a
Lair:2:   layout_roguey [special_room_bee], guppyfry_snake_entry_island,
          cheibrodos_lair_caveside_slide, serial_bayou_pond_a,
          lemuel_fruit_fields, uniq_maggie
Lair:3:   layout_concentric_octagons, ebering_ghost_inner_flame, special_room,
          infiniplex_staircase_pool_2, grunt_megastairs_1
Lair:4:   layout_cave_pods, minmay_swamp_entry_worms,
          hellmonk_ghost_happy_afterlife, st_stairs_5, minivault_26,
          uniq_josephine, uniq_kirke
Lair:5:   layout_cave_pods, special_room [special_room_mythical_zoo]
Lair:6:   hangedman_lair_caniforms_friends, layout_layer_cave, slime_altar_1,
          minmay_shattered_shrine, uniq_nessos, uniq_urug
Swamp:1:  layout_basic_swamp, evilmike_swamp_ruin_house_5, uniq_jorgrun
Swamp:2:  cheibrodos_swamp_tower_of_moss, layout_basic_swamp,
          nicolae_swamp_fairy_circle
Swamp:3:  layout_falls_marsh, basic_altar
Swamp:4:  swamp_pestilence, layout_basic_swamp, ebering_ghost_disaster_area,
          swamp_pool5
Orc:1:    layout_caves, uniq_gastronok
Orc:2:    st_orc_rangers, layout_caves, serial_shops, shop

Skill      XL: |  1  2  3  4  5  6  7  8  9 10 11 12 13 14 15 16 17 |
---------------+----------------------------------------------------+-----
Dodging        | 1 3 |  3.9
Armour         | 3 4 5 6 7 8 10 11 12 13 14 15 | 15.6
Fighting       | 4 5 6 7 8 9 10 11 12 13 14 15 | 15.8
Axes           | 3 4 5 7 |  7.5
Invocations    | 3 4 6 8 9 10 11 | 11.3
Polearms       | 4 7 9 11 13 14 15 | 15.3
Shields        | 4 |  4.0
Bows           | 2 6 9 |  9.9

Action                   |  1- 3 |  4- 6 |  7- 9 | 10-12 | 13-15 | 16-18 || total
-------------------------+-------+-------+-------+-------+-------+-------++-------
Melee: Hand axe          |   140 |   283 |   396 |       |       |       ||   819
       War axe           |       |       |   270 |   117 |       |       ||   387
       Glaive            |       |       |       |   601 |   944 |   718 ||  2263
       Morningstar       |       |       |       |    13 |     3 |       ||    16
 Fire: Longbow           |       |       |       |       |    22 |    88 ||   110
Throw: Stone             |       |       |     3 |       |     1 |       ||     4
Invok: Depart the Abyss  |     1 |       |       |       |       |       ||     1
       Banish            |       |       |     1 |     2 |     7 |    14 ||    24
       Bend Space        |       |       |       |       |       |     4 ||     4
       Corrupt           |       |       |       |       |       |     2 ||     2
Evoke: Wand              |       |       |       |       |     6 |       ||     6
  Use: Scroll            |       |       |     8 |     9 |    13 |     3 ||    33
       Potion            |       |       |     1 |     1 |     2 |     5 ||     9
 Stab: Distracted        |       |       |     1 |       |       |     1 ||     2
       Petrified         |       |       |       |       |     5 |       ||     5
  Eat: Chunk             |     4 |     7 |    16 |    22 |    39 |    26 ||   114
       Ration            |       |     1 |       |     2 |     1 |     4 ||     8
Armor: Chain mail        |   122 |   207 |    46 |       |       |       ||   375
       Leather armour    |     5 |       |       |       |       |       ||     5
       Plate armour      |       |       |   538 |   600 |   807 |   547 ||  2492
       Steam dragon scal |       |       |       |       |     3 |       ||     3
Dodge: Dodged            |    84 |   131 |   286 |   271 |   393 |   292 ||  1457
       Repelled          |       |       |       |       |     2 |    62 ||    64
Block: Buckler           |       |       |       |       |   252 |   316 ||   568
       Reflection        |       |       |       |       |    18 |    66 ||    84
